 Dungeon Crawl Stone Soup version 0.18.1-8-gdd0e5ea (webtiles) character file.

16 M4edhros the Sneak (level 2, -6/18 HPs)
             Began as an Octopode Artificer on June 7, 2016.
             Mangled by a scorpion (9 damage)
             ... on level 3 of the Dungeon.
             The game lasted 00:00:32 (656 turns).

M4edhros the Sneak (Octopode Artificer)              Turns: 656, Time: 00:00:32

Health: -6/18      AC:  1    Str: 10    XL:     2   Next: 54%
Magic:  4/4        EV: 12    Int: 14    God:
Gold:   59         SH:  0    Dex: 12    Spells: 0 memorised, 1 level left

rFire  . . .     SeeInvis .     a - +0 short sword
rCold  . . .     Gourm    .     (no shield)
rNeg   . . .     Faith    .     (helmet restricted)
rPois  .         Spirit   .     g - amulet of dismissal
rElec  .         Dismiss  +     (no ring)
rCorr  .         Reflect  .     (no ring)
SustAt .         Harm     .     (no ring)
MR     .....                    (no ring)
Stlth  ++++......               (no ring)
                                (no ring)
                                (no ring)
                                (no ring)

@: lethally poisoned (-6 -> -27), not resistant to hostile enchantments,
stealthy
A: almost no armour, amphibious, 8 rings, constrict 8, camouflage 1, gelatinous
body 1
a: no special abilities


You were on level 3 of the Dungeon.
You were not hungry.

You visited 1 branch of the dungeon, and saw 3 of its levels.

You collected 59 gold pieces.

Inventory:

Hand Weapons
 a - a +0 short sword (weapon)
Jewellery
 g - an amulet of dismissal (around mantle)
Wands
 b - a wand of flame (15/48)
 c - a wand of enslavement (15/24)
 d - a wand of random effects (15/48)
Scrolls
 e - a scroll of enchant armour {unknown}
 h - 2 scrolls of remove curse {unknown}
 k - a scroll of enchant weapon {unknown}
 m - a scroll of identify {unknown}
Potions
 i - a potion of haste {unknown}
 j - a potion of degeneration {unknown}
 l - a potion of cancellation {unknown}
 n - a potion of curing {unknown}
Comestibles
 f - a bread ration


   Skills:
 - Level 1.0 Fighting
 - Level 1.0 Short Blades
 - Level 2.0 Dodging
 + Level 3.6 Stealth
 - Level 3.2 Evocations


You had one spell level left.
You didn't know any spells.

Dungeon Overview and Level Annotations

Branches:
Dungeon (3/15)

Altars:
Cheibriados


Innate Abilities, Weirdness & Mutations

You cannot wear most types of armour.
You are amphibious.
You can wear up to eight rings at the same time.
You can use your tentacles to constrict eight enemies at once.
Your skin changes colour to match your surroundings (Stealth).
Your rubbery body absorbs attacks (AC +1).


Message History

The scorpion is heavily wounded.
You constrict the scorpion. The scorpion stings you.
You are poisoned.
The scorpion poisons you! The scorpion misses you.
You hit the scorpion.
The scorpion is severely wounded.
You constrict the scorpion, but do no damage.
You feel sick. The scorpion stings you!
* * * LOW HITPOINT WARNING * * *
You are more poisoned.
The scorpion poisons you!
Drink which item? (? for menu, Esc to quit)
Okay, then.
You hit the scorpion.
The scorpion is severely wounded.
You constrict the scorpion, but do no damage.
* * * LOW HITPOINT WARNING * * *
You feel sick. The scorpion stings you!
Ouch! That really hurt!
You die...

#################
#...............#
#.#############.######..
#######.# #........#
........#############........#
#.####.........s@.....########
#.# #..############### #.#
##..)## #.###.....##
#.##.......# #....(.....#
####.......# ##......#######
##...........#######


You could see a scorpion.

Vanquished Creatures
  A worm (D:3)
  A dart slug (D:1)
  3 bats
  2 giant cockroaches (D:3)
  2 hobgoblins
  A kobold (D:2)
  A rat (D:1)
11 creatures vanquished.

Notes
Turn   | Place    | Note
--------------------------------------------------------------
     0 | D:1      | M4edhros the Octopode Artificer began the quest for the Orb.
     0 | D:1      | Reached XP level 1. HP: 13/13 MP: 3/3
   184 | D:1      | Reached XP level 2. HP: 14/18 MP: 4/4
   377 | D:2      | Found a snail-covered altar of Cheibriados.
   647 | D:3      | Noticed a scorpion
   656 | D:3      | Mangled by a scorpion

Skill      XL: |  1  2 |
---------------+-------+-----
Stealth        | 2 3 |  3.6
Fighting       | |  1.0
Short Blades   | |  1.0
Dodging        | |  2.0
Evocations     | |  3.2

Action                   || total
-------------------------++-------
Melee: Short sword       ||    28
       Constrict         ||     8
       Tentacles         ||     3
 Stab: Sleeping          ||     5
Armor: Skin              ||     4
Dodge: Dodged            ||    12
